 Dungeon Sprint DCSS version 0.21-a0-272-g984ae92 (webtiles) character file.

2408 potatolord6000 the Cleaver (level 9, -2/92 HPs)
             Began as a Hill Orc Monk on Sept 15, 2017.
             Was the Champion of Beogh.
             Slain by a two-headed ogre
             ... wielding a +0 giant club
              (13 damage)
             ... in the Dungeon (Sprint VII: "The Pits").
             The game lasted 00:03:50 (804 turns).

potatolord6000 the Cleaver (Hill Orc Monk)           Turns: 804, Time: 00:03:51

Health: -2/92      AC: 17    Str: 17    XL:     9   Next: 47%
Magic:  18/18      EV:  7    Int: 10    God:    Beogh [******]
Gold:   0          SH:  0    Dex: 13    Spells: 8/8 levels left

rFire    . . .     SeeInvis .   j - +0 battleaxe (curse)
rCold    . . .     Gourm    .   (shield currently unavailable)
rNeg     . . .     Faith    .   f - +2 plate armour
rPois    .         Spirit   .   (no helmet)
rElec    .         Reflect  .   (no cloak)
rCorr    .         Harm     .   (no gloves)
MR       .....     NoTele   +   (no boots)
Stlth    ..........             (no amulet)
HPRegen  0.25/turn              (no ring)
MPRegen  0.16/turn              (no ring)

@: no status effects
A: walk on water
a: Smiting, Recall Orcish Followers, Give Item to Named Follower, Resurrection,
Renounce Religion


You were in the Dungeon.
You worshipped Beogh.
Beogh was exalted by your worship.
You were very full.

You visited 1 branch

Inventory:

Hand Weapons
 j - a cursed +0 battleaxe (weapon)
Armour
 f - a +2 plate armour (worn)
Scrolls
 i - a scroll of blinking
 k - 3 scrolls of remove curse
 l - 5 scrolls of amnesia
 m - a scroll of summoning
Potions
 a - 2 potions of invisibility
 d - 6 potions of curing
 e - a potion of heal wounds
 g - 4 potions of magic
 h - a potion of berserk rage
Comestibles
 c - 8 bread rations
 n - 40 fruits
 o - 5 meat rations


   Skills:
 + Level 12.9 Fighting
 + Level 13.9 Axes
 + Level 11.5 Armour
 - Level 2.4 Dodging
 - Level 1.5 Stealth
 + Level 13.2 Invocations


You had 8 spell levels left.
You didn't know any spells.

Dungeon Overview and Level Annotations

Branches:
Dungeon (1/1)

Altars:
Ashenzari
Cheibriados
Dithmenos
Elyvilon
Fedhas
Gozag
Hepliaklqana
Kikubaaqudgha
Makhleb
Nemelex Xobeh
Okawaru
Qazlal
Ru
Sif Muna
Trog
Uskayaw
Vehumet
Wu Jian
Xom
Yredelemnul
Zin
The Shining One
Beogh
Jiyva
Lugonu

Annotations:
D Sigmund


Message History

Sigmund hits you but does no damage.
Unknown command.
You hit the two-headed ogre but do no damage.
The two-headed ogre is lightly wounded.
The two-headed ogre hits you with a giant club!
The two-headed ogre hits you but does no damage.
Unknown command.
You hit the two-headed ogre.
The two-headed ogre is lightly wounded.
The two-headed ogre hits you with a giant club!
* * * LOW HITPOINT WARNING * * *
The two-headed ogre hits you but does no damage.
Sigmund closely misses you.
Unknown command.
You hit the two-headed ogre.
The two-headed ogre is lightly wounded.
The two-headed ogre hits you with a giant club!
* * * LOW HITPOINT WARNING * * *
The two-headed ogre hits you with a giant club!
You die...

#.##'#..#'###...<...#
#.#...†)...##.......#
#.#........##.......#
#)###########.......#
#)))....#..##########
#..#.#..#.## ###
#.##.##.#.# ...#
#.......#†#....#
#.##.##.#@OY...+
#..#.#..#'#@...#
#.......'.# ...#
########### ###


You could see a two-headed ogre, Sigmund and a dream sheep.

Vanquished Creatures
  A deep elf mage (D)
  A hellwing (D)
  6 dream sheep (D)
  A hungry ghost (D)
  Duvessa (D)
  A floating eye (D)
  A black bear (D)
  A necrophage (D)
  A bullfrog (D)
  Dowan (D)
  3 wights (D)
  3 orc priests (D)
  A worker ant (D)
  An adder (D)
  A giant cockroach (D)
  A hobgoblin (D)
  4 jackals (D)
  A bat (D)
  A goblin (D)
  A quokka zombie (D)
  2 rats (D)
34 creatures vanquished.

Vanquished Creatures (collateral kills)
  A big kobold (D)
1 creature vanquished.

Vanquished Creatures (others)
  An orc priest (D)
  2 orcs (D)
3 creatures vanquished.

Grand Total: 38 creatures vanquished

Notes
Turn   | Place    | Note
-------+----------+-------------------------------------------
     0 | D        | potatolord6000 the Hill Orc Monk began the quest for the Orb.
     0 | D        | Reached XP level 1. HP: 19/19 MP: 1/1
    44 | D        | Found a bloodstained altar of Trog.
    44 | D        | Found a deep blue altar of Sif Muna.
    44 | D        | Found a viscous altar of Jiyva.
    44 | D        | Found a hazy altar of Hepliaklqana.
    44 | D        | Found an opulent altar of Gozag.
    45 | D        | Found a glowing golden altar of the Shining One.
    45 | D        | Found a glowing silver altar of Zin.
    45 | D        | Found a basalt altar of Yredelemnul.
    45 | D        | Found a shimmering altar of Xom.
    45 | D        | Found an ornate altar of the Wu Jian Council.
    45 | D        | Found a sacrificial altar of Ru.
    45 | D        | Found a stormy altar of Qazlal.
    45 | D        | Found an iron altar of Okawaru.
    45 | D        | Found a sparkling altar of Nemelex Xobeh.
    45 | D        | Found a burning altar of Makhleb.
    45 | D        | Found a blossoming altar of Fedhas.
    45 | D        | Found a white marble altar of Elyvilon.
    45 | D        | Found a shadowy altar of Dithmenos.
    45 | D        | Found a snail-covered altar of Cheibriados.
    47 | D        | Found a radiant altar of Vehumet.
    47 | D        | Found a corrupted altar of Lugonu.
    47 | D        | Found a roughly hewn altar of Beogh.
    49 | D        | Found an ancient bone altar of Kikubaaqudgha.
    49 | D        | Found a hide-covered altar of Uskayaw.
    49 | D        | Found a shattered altar of Ashenzari.
    57 | D        | Became a worshipper of Beogh the Brigand
    57 | D        | Reached * piety under Beogh
    57 | D        | Reached ** piety under Beogh
    76 | D        | Reached skill level 1 in Armour
    81 | D        | Reached skill level 1 in Invocations
    83 | D        | Reached *** piety under Beogh
   349 | D        | Noticed a worker ant
   359 | D        | Killed a worker ant
   359 | D        | Reached skill level 5 in Fighting
   359 | D        | Reached skill level 5 in Axes
   359 | D        | Reached XP level 2. HP: 19/29 MP: 2/4
   359 | D        | Reached XP level 3. HP: 24/36 MP: 2/5
   372 | D        | Noticed a black bear
   372 | D        | Noticed a floating eye
   377 | D        | Reached **** piety under Beogh
   377 | D        | Killed a floating eye
   377 | D        | Reached skill level 5 in Armour
   377 | D        | Reached skill level 5 in Invocations
   377 | D        | Reached XP level 4. HP: 35/45 MP: 3/8
   377 | D        | Reached XP level 5. HP: 40/51 MP: 3/9
   379 | D        | Killed a black bear
   379 | D        | Reached XP level 6. HP: 48/61 MP: 3/11
   525 | D        | Noticed a deep elf mage
   526 | D        | Noticed Dowan
   534 | D        | Noticed Duvessa
   541 | D        | Noticed an ice beast
   550 | D        | Killed Dowan
   554 | D        | Reached ***** piety under Beogh
   559 | D        | Noticed an ice beast
   579 | D        | Killed a deep elf mage
   579 | D        | Reached skill level 10 in Fighting
   579 | D        | Reached skill level 10 in Invocations
   579 | D        | Reached XP level 7. HP: 17/73 MP: 12/14
   596 | D        | Reached ****** piety under Beogh
   596 | D        | Reached XP level 8. HP: 60/81 MP: 13/16
   598 | D        | Killed Duvessa
   639 | D        | Noticed a hellwing
   647 | D        | Killed a hellwing
   657 | D        | Reached skill level 10 in Armour
   782 | D        | Noticed Sigmund
   782 | D        | Noticed a dream sheep
   782 | D        | Noticed a dream sheep
   782 | D        | Noticed a dream sheep
   782 | D        | Noticed a dream sheep
   782 | D        | Noticed a dream sheep
   782 | D        | Noticed a dream sheep
   782 | D        | Noticed a two-headed ogre
   783 | D        | Noticed a dream sheep
   786 | D        | Killed a dream sheep
   787 | D        | Killed a dream sheep
   787 | D        | Reached XP level 9. HP: 80/90 MP: 16/18
   804 | D        | Slain by a two-headed ogre

Vault maps used:
D:        pitsprint

Skill      XL: |  1  2  3  4  5  6  7  8  9 |
---------------+----------------------------+-----
Armour         | 2 5 6 9 10 11 | 11.5
Invocations    | 3 5 7 10 12 13 | 13.2
Fighting       | 5 6 8 10 12 | 12.9
Axes           | 5 7 8 11 13 | 13.9
Dodging        | |  2.4
Stealth        | |  1.5

Action                   |  1- 3 |  4- 6 |  7- 9 || total
-------------------------+-------+-------+-------++-------
Melee: Hand axe          |    20 |    44 |    16 ||    80
       Battleaxe         |       |       |    51 ||    51
Invok: Smiting           |       |     1 |       ||     1
       Resurrection      |       |       |     1 ||     1
  Use: Potion            |     2 |     3 |     3 ||     8
 Stab: Distracted        |       |       |     1 ||     1
  Eat: Meat ration       |       |       |     2 ||     2
Armor: Robe              |     1 |       |       ||     1
       Plate armour      |       |    32 |    39 ||    71
Dodge: Dodged            |    18 |    11 |    24 ||    53

Table legend:
 A = Spawn XP
 B = Non-spawn XP
 C = Spawn XP percentage of total XP
 D = Spawn monster count
 E = Non-spawn monster count
 F = Spawn count percentage of total count
 G = Total turns spent on level
                    A         B        C        D         E        F      G
               +---------+---------+-------+---------+---------+-------+---------
         Total |       0 |    3440 |   0.0 |       0 |      35 |   0.0 |   804
               +---------+---------+-------+---------+---------+-------+---------
             D |       0 |    3440 |   0.0 |       0 |      35 |   0.0 |   804
               +---------+---------+-------+---------+---------+-------+---------
